 Dungeon Crawl Stone Soup version 0.29-a0-775-g4d7333d4e2 (webtiles) character file.

Game seed: 16000269071516408870

93 gobodom the Conjurer (level 4, -2/27 HPs)
             Began as an Octopode Conjurer on July 1, 2022.
             Slain by Sigmund
             ... wielding a +2 scythe of flaming
              (18 damage)
             ... on level 3 of the Dungeon.
             The game lasted 00:05:43 (3006 turns).

gobodom the Conjurer (Octopode Conjurer)            Turns: 3006, Time: 00:05:44

Health: -2/27      AC:  1    Str:  8    XL:     4   Next: 61%
Magic:  3/7        EV: 13    Int: 20    God:
Gold:   134        SH:  0    Dex: 10    Spells: 7/8 levels left

rFire   . . .      SeeInvis .   f - +1 dagger (venom)
rCold   . . .      Faith    .   (no shield)
rNeg    . . .      Spirit   .   (helmet restricted)
rPois   .          Reflect  .   (no amulet)
rElec   .          Harm     .   l - +4 ring of slaying
rCorr   .          Rampage  .   (no ring)
Will    .....                   (no ring)
Stlth   +++.......              (no ring)
HPRegen 0.09/turn               (no ring)
MPRegen 0.10/turn               (no ring)
                                (no ring)
                                (no ring)

@: no status effects
A: almost no armour, amphibious, 8 rings, camouflage 1, gelatinous body 1,
(nimble swimmer 1), tentacles
a: no special abilities


You were on level 3 of the Dungeon.
You visited 1 branch of the dungeon, and saw 3 of its levels.

You collected 134 gold pieces.

Inventory:

Hand Weapons
 f - a +1 dagger of venom (weapon)
 i - a +3 short sword
Missiles
 r - 6 poisoned darts
Jewellery
 k - a ring of willpower
 l - a +4 ring of slaying (left tentacle)
Scrolls
 e - a scroll of blinking {unknown}
 g - a scroll of enchant weapon {unknown}
 h - a scroll of fog {unknown}
 j - a scroll of vulnerability {unknown}
 n - a scroll of enchant armour {unknown}
 o - 2 scrolls of identify {unknown}
 p - a scroll of magic mapping {unknown}
 q - a scroll of summoning {unknown}
 s - a scroll of noise {unknown}
Potions
 a - 2 potions of magic
 b - a potion of heal wounds {unknown}
 c - a potion of cancellation {unknown}
 d - a potion of lignification {unknown}
 m - a potion of degeneration {unknown}
 t - a potion of attraction {unknown}


   Skills:
 + Level 2.1 Dodging
 + Level 3.2 Stealth
 + Level 0.4 Unarmed Combat
 + Level 2.5 Spellcasting
 + Level 5.3 Conjurations


You had 7 spell levels left.
You knew the following spells:

 Your Spells              Type           Power      Damage    Failure   Level
a - Magic Dart            Conj           92%        1d7       1%          1

Your spell library contained the following spells:

 Spells                   Type           Power      Damage    Failure   Level
 Searing Ray              Conj           46%        2d6       2%          2
 Dazzling Flash           Conj/Hex       26%        N/A       16%         3
 Blink                    Tloc           4%         N/A       22%         2
 Call Canine Familiar     Summ           2%         N/A       41%         3
 Lesser Beckoning         Tloc           2%         N/A       41%         3
 Portal Projectile        Hex/Tloc       4%         N/A       41%         3
 Fulminant Prism          Conj/Hex       6%         3d7       45%         4
 Iskenderun's Mystic Bla  Conj/Tloc      13%        2d5       45%         4
 Leda's Liquefaction      Hex/Erth       1%         N/A       83%         4
 Manifold Assault         Tloc           2%         N/A       99%         5
 Malign Gateway           Summ/Tloc      1%         N/A       100%        7
 Summon Horrible Things   Summ           1%         N/A       100%        8


Dungeon Overview and Level Annotations

Branches:
Dungeon (3/15)

Altars:
Makhleb

Annotations:
D:3 Sigmund


Innate Abilities, Weirdness & Mutations

You cannot wear most types of armour.
You are amphibious.
You can wear up to eight rings at the same time.
Your skin changes colour to match your surroundings (Stealth+).
Your rubbery body absorbs attacks. (AC +1, EV +1)
((You are camouflaged when in or above water. (Stealth+)))
You have tentacles for arms and can constrict up to eight enemies at once.


Message History

You kill the rat!
t - a fizzy clear potion You open the door.
There is an open door here.
You open the door.
A kobold comes into view. It is wielding a +0 club.
Found a potion of magic.
Found a burning altar of Makhleb.
The magic dart hits the kobold.
You kill the kobold!
A giant cockroach comes into view.
The magic dart hits the giant cockroach but does no damage.
The magic dart hits the giant cockroach.
You kill the giant cockroach!
There is an open door here.
a - 2 potions of magic (gained 1)
You open the door.
There is an open door here.
You open the door.
There is an open door here.
You open the door.
Sigmund the Dreaded comes into view.
He is wielding a +2 scythe of flaming.
Sigmund shouts!
Sigmund smiles chillingly.
Sigmund gestures at you while chanting. The magic dart hits you.
The magic dart hits Sigmund.
Sigmund is lightly wounded.
Sigmund misses you.
The magic dart hits Sigmund.
Sigmund is moderately wounded.
The magic dart hits Sigmund.
Sigmund is heavily wounded.
Sigmund gestures at you while chanting. The magic dart hits you.
The magic dart hits Sigmund.
Sigmund is severely wounded.
Sigmund drinks a potion.
Sigmund seems to grow stronger.
Sigmund hits you with a +2 scythe of flaming!!
Ouch! That really hurt!
You die...

#.).#...##......#
.......†##(#....[
.######.##.######
## #.##.## #.
#.....#
#.###+###'###+#
#.#..#.......#
#@#..#.......#
#.@..'###'###+
#.#..#.'...+
#.#..#.#...#
#.+##+.#._)# #.
#.#...# #.
#.+...+ #.
+###+## ##


You could see Sigmund (strong).

Vanquished Creatures
  3 adders (D:2)
  A dart slug (D:1)
  An orc (D:3)
  5 ball pythons
  5 endoplasms
  6 giant cockroaches
  4 goblins
  10 hobgoblins
  5 quokkas
  A bat (D:2)
  A frilled lizard (D:1)
  6 kobolds
  9 rats
57 creatures vanquished.

Vanquished Creatures (others)
  A plant (D:3)
1 creature vanquished.

Grand Total: 58 creatures vanquished

Notes
Turn   | Place    | Note
-------+----------+-------------------------------------------
     0 | D:1      | gobodom the Octopode Conjurer began the quest for the Orb.
     0 | D:1      | Reached XP level 1. HP: 11/11 MP: 3/3
   519 | D:1      | Reached XP level 2. HP: 8/17 MP: 0/5
  1272 | D:1      | Reached XP level 3. HP: 21/21 MP: 0/6
  2183 | D:2      | Reached skill level 5 in Conjurations
  2241 | D:2      | Reached XP level 4. HP: 11/27 MP: 7/7
  2724 | D:2      | Found a faded altar of an unknown god.
  2956 | D:3      | Found a burning altar of Makhleb.
  3001 | D:3      | Noticed Sigmund
  3006 | D:3      | Slain by Sigmund

Illustrated notes

Levels and vault maps discovered:
D:1:      spicycebolla_arrival_xxxplode, layout_basic
D:2:      layout_basic, hellmonk_ecumenical_altar_blasted
D:3:      cheibrodos_old_hovel, layout_basic, mainiacjoe_overflow_24_doors,
          trog_wizard, uniq_jessica, uniq_sigmund

Skill      XL: |  1  2  3 |
---------------+----------+-----
Stealth        | 3 |  3.2
Conjurations   | 5 |  5.3
Dodging        | |  2.1
Unarmed Combat | |  0.4
Spellcasting   | |  2.5

Action                   |  1- 3 |  4- 6 || total
-------------------------+-------+-------++-------
Melee: Unarmed           |    34 |       ||    34
       Tentacles         |     9 |     3 ||    12
       Constrict         |    10 |     1 ||    11
       Dagger            |     9 |     6 ||    15
 Cast: Magic Dart        |    70 |    22 ||    92
 Stab: Sleeping          |     1 |     1 ||     2
Armor: Skin              |     4 |       ||     4
Dodge: Dodged            |    34 |     5 ||    39

Table legend: (Time is in decaauts)
 A = Elapsed time spent in this place.
 B = Non-inter-level travel time spent in this place.
 C = Inter-level travel time spent in this place.
 D = Time resting spent in this place.
 E = Time spent auto-exploring this place.
 F = Levels seen in this place.
 G = Mean time per level.
                   A        B        C        D        E       F      G
               +--------+--------+--------+--------+--------+-----+--------+
         Total |   3004 |   2987 |     17 |    304 |   2318 |   3 | 1001.3 |
       Dungeon |   3004 |   2987 |     17 |    304 |   2318 |   3 | 1001.3 |
               +--------+--------+--------+--------+--------+-----+--------+

Top non-repeatable levels by time:
     D:1: 1810 daAuts
     D:2: 1066 daAuts
     D:3: 127 daAuts
